 Dungeon Crawl Stone Soup version 0.28-a0-1236-gb25a51b929 (webtiles) character file.

Game seed: 9442837408046268785

66 funkygono the Firebug (level 3, -2/26 HPs)
             Began as a Draconian Fire Elementalist on Dec 25, 2021.
             Succumbed to Terence's poison
             ... on level 2 of the Dungeon.
             The game lasted 00:03:27 (2209 turns).

funkygono the Firebug (Draconian Fire Elementalist) Turns: 2209, Time: 00:03:28

Health: -2/26      AC:  5    Str: 10    XL:     3   Next: 96%
Magic:  2/7        EV: 12    Int: 17    God:
Gold:   43         SH:  0    Dex: 11    Spells: 1/7 levels left

rFire   . . .      SeeInvis .   e - +2 dagger (elec)
rCold   . . .      Faith    .   (no shield)
rNeg    . . .      Spirit   .   (armour unavailable)
rPois   .          Reflect  .   (helmet restricted)
rElec   .          Harm     .   (no cloak)
rCorr   .          Rampage  .   (no gloves)
Will    .....                   (no boots)
Stlth   ++........              (no amulet)
HPRegen 0.08/turn               (no ring)
MPRegen 0.10/turn               (no ring)

@: mighty, lethally poisoned (-2 -> -15), very slightly contaminated
A: AC +5, unfitting armour, cold-blooded
a: no special abilities


You were on level 2 of the Dungeon.
You visited 1 branch of the dungeon, and saw 3 of its levels.

You collected 43 gold pieces.

Inventory:

Hand Weapons
 e - a +2 dagger of electrocution (weapon)
 g - a +0 falchion
 h - a +2 dagger of venom
Missiles
 f - 47 stones
Magical Staves
 i - a staff of cold
Scrolls
 a - a scroll of fear {unknown}
 b - 2 scrolls of identify {unknown}
 c - a scroll of torment {unknown}
 j - a scroll of teleportation {unknown}
Potions
 d - a potion of might


   Skills:
 + Level 1.9 Dodging
 - Level 1.7 Stealth
 * Level 2.9 Spellcasting
 * Level 1.6 Conjurations
 * Level 3.9 Fire Magic


You had one spell level left.
You knew the following spells:

 Your Spells              Type           Power      Damage    Failure   Level
a - Foxfire               Conj/Fire      44%        2x1d6     5%          1
b - Scorch                Fire           30%        2d6       5%          2
c - Conjure Flame         Conj/Fire      11%        6-21      17%         3

Your spell library contained the following spells:

 Spells                   Type           Power      Damage    Failure   Level
 Inner Flame              Hex/Fire       9%         N/A       24%         3
 Flame Wave               Conj/Fire      11%        2d5       50%         4


Dungeon Overview and Level Annotations

Branches:
Dungeon (3/15)

Altars:

Annotations:
D:3 Terence


Innate Abilities, Weirdness & Mutations

Your plain brown scales are hard. (AC +5)
You cannot fit into any form of body armour.
You are cold-blooded and may be slowed by cold attacks.


Message History

Confirm with . or Enter, or press ? or * to list all spells.
You conjure some foxfire!
The foxfire hits Terence.
Terence is lightly wounded.
The foxfire hits Terence but does no damage.
Terence is lightly wounded.
Terence closely misses you.
Casting: Foxfire (safe; 5% risk of failure)
Confirm with . or Enter, or press ? or * to list all spells.
You conjure some foxfire!
The foxfire hits Terence but does no damage.
Terence is lightly wounded.
Terence barely misses you.
Unknown command.
The foxfire hits Terence but does no damage.
Terence is lightly wounded.
The foxfire hits Terence.
Terence is moderately wounded.
Terence asks, "Do you want it fast or slow?"
Terence hits you but does no damage.
You are poisoned.
Casting: Foxfire (safe; 5% risk of failure)
Confirm with . or Enter, or press ? or * to list all spells.
You miscast Scorch.
You are very lightly contaminated with residual magic.
Nothing appears to happen.
You feel sick.
Terence hits you from afar with a +2 trident of venom.
You are more poisoned.
You feel very sick.
Terence hits you from afar with a +2 trident of venom!
You are more poisoned.
You climb upwards.
* * * LOW HITPOINT WARNING * * *
You feel extremely sick.
There is a stone staircase leading down here.
* * * LOW HITPOINT WARNING * * *
You feel very sick.
There is a lethal amount of poison in your body!
It was a potion of might.
You feel very mighty all of a sudden.
You die...

###..........###########..
##........## #..... #......)...#
######...#. #..........#
#..........
##########.......(..###...##....#
#.......................####...##
#...................#######....##
#.....).............## #......#
##...###........@....#####......#
#.....#######.[.>......##.......#
.......# #.........[.........#
.......######.<.........).......#
............<...................#
#.......#####...................#
.......####...............)......
...................###...........
........#####..##......#.........


There were no monsters in sight!

Vanquished Creatures
  An adder (D:2)
  2 worms (D:2)
  2 bats
  5 endoplasms
  8 goblins
  3 hobgoblins
  6 jackals (D:1)
  3 kobolds
  4 quokkas
  4 ball pythons (D:1)
  A frilled lizard (D:1)
  6 rats
45 creatures vanquished.

Vanquished Creatures (others)
  131 foxfires
131 creatures vanquished.

Grand Total: 176 creatures vanquished

Notes
Turn   | Place    | Note
-------+----------+-------------------------------------------
     0 | D:1      | funkygono the Draconian Fire Elementalist began the quest
                  | for the Orb.
     0 | D:1      | Reached XP level 1. HP: 14/14 MP: 3/3
   324 | D:1      | Reached XP level 2. HP: 20/20 MP: 0/5
   362 | D:1      | Learned a level 2 spell: Scorch
   864 | D:1      | Reached XP level 3. HP: 26/26 MP: 0/6
   868 | D:1      | Learned a level 3 spell: Conjure Flame
  2014 | D:2      | Found a faded altar of an unknown god.
  2200 | D:3      | Noticed Terence
  2208 | D:2      | HP: 1/26 [poisoned by Terence]
  2209 | D:2      | Succumbed to Terence's poison

Illustrated notes

Levels and vault maps discovered:
D:1:      beargit_arrival_diablo_church, layout_basic
D:2:      layout_rooms, shapermc_ecumenical_altar_pompeii
D:3:      layout_basic, nicolae_dithmenos_the_darkroom, uniq_jessica,
          uniq_terence, uniq_grinder

Action                   || total
-------------------------++-------
Melee: Dagger            ||     4
 Cast: Foxfire           ||    73
       Scorch            ||     6
  Use: Potion            ||     1
Armor: Skin              ||    14
Dodge: Dodged            ||    32

Table legend: (Time is in decaauts)
 A = Elapsed time spent in this place.
 B = Non-inter-level travel time spent in this place.
 C = Inter-level travel time spent in this place.
 D = Time resting spent in this place.
 E = Time spent auto-exploring this place.
 F = Levels seen in this place.
 G = Mean time per level.
                   A        B        C        D        E       F      G
               +--------+--------+--------+--------+--------+-----+--------+
         Total |   2208 |   2129 |     79 |      0 |   1775 |   3 |  736.0 |
       Dungeon |   2208 |   2129 |     79 |      0 |   1775 |   3 |  736.0 |
               +--------+--------+--------+--------+--------+-----+--------+

Top non-repeatable levels by time:
     D:1: 1459 daAuts
     D:2: 742 daAuts
     D:3: 6 daAuts
